 Dungeon Crawl Stone Soup version 0.29.0-11-gd7f09526c8 (webtiles) character file.

Game seed: 13744615496172715498

35 soylentgreeen202 the Slasher (level 3, -1/27 HPs)
             Began as a Merfolk Gladiator on Sept 3, 2022.
             Slain by Natasha (6 damage)
             ... on level 2 of the Dungeon.
             The game lasted 00:06:23 (1629 turns).

soylentgreeen202 the Slasher (Merfolk Gladiator)    Turns: 1629, Time: 00:06:23

Health: -1/27      AC:  4    Str: 14    XL:     3   Next: 33%
Magic:  3/3        EV: 13    Int:  7    God:
Gold:   47         SH:  0    Dex: 17    Spells: 2/2 levels left

rFire   . . .      SeeInvis .   a - +0 long sword
rCold   . . .      Faith    .   (no shield)
rNeg    . . .      Spirit   .   b - +0 leather armour
rPois   .          Reflect  .   c - +0 helmet
rElec   .          Harm     .   (no cloak)
rCorr   .          Rampage  .   (no gloves)
Will    .....                   (no boots)
Stlth   +.........              (no amulet)
HPRegen 0.09/turn               (no ring)
MPRegen 0.08/turn               (no ring)

@: no status effects
A: (nimble swimmer 2), mertail
a: no special abilities


You were on level 2 of the Dungeon.
You visited 1 branch of the dungeon, and saw 2 of its levels.

You collected 47 gold pieces.

Inventory:

Hand Weapons
 a - a +0 long sword (weapon)
Missiles
 d - 4 throwing nets (quivered)
 e - a javelin
Armour
 b - a +0 leather armour (worn)
 c - a +0 helmet (worn)
Scrolls
 f - a scroll of vulnerability
 g - 2 scrolls of identify {unknown}
 h - a scroll of poison {unknown}
 i - a scroll of blinking {unknown}
 j - a scroll of fear {unknown}
 k - a scroll of butterflies {unknown}
 l - a scroll of enchant armour {unknown}
 m - a scroll of magic mapping {unknown}


   Skills:
 - Level 2.1 Fighting
 + Level 5.2 Long Blades
 - Level 2.0 Throwing
 - Level 4.0 Dodging


You had 2 spell levels left.
You didn't know any spells.
Your spell library was empty.

Dungeon Overview and Level Annotations

Branches:
Dungeon (2/15)

Altars:

Annotations:
D:2 Natasha, Terence


Innate Abilities, Weirdness & Mutations

((You are very nimble when in or above water. (Stealth+, EV+, Speed+++)))
Your lower body shifts to a powerful aquatic tail in water.


Message History

You close the door.
(D) Dungeon
Where to? (Enter - D:1 @ (x,y), ? - help)
There is an open door here.
There is a stone staircase leading up here.
You climb upwards.
There is a stone staircase leading down here.
There is an open door here.
There is a stone staircase leading down here.
You climb downwards.
Level annotation: Terence
There is a stone staircase leading up here.
Natasha, Servant of Life and Death comes into view.
She is carrying a wand of light (3).
Natasha hisses angrily.
You barely miss Natasha.
Natasha stares at you and mumbles some strange words.
The magic dart hits you. Natasha barely misses you.
You closely miss Natasha.
Natasha zaps a wand.
The bolt of light hits you.
You hit Natasha.
Natasha is lightly wounded.
Natasha claws you.
You hit Natasha.
Natasha is moderately wounded.
Natasha barely misses you.
You barely miss Natasha.
Natasha is moderately wounded.
Natasha misses you.
You hit Natasha.
Natasha is moderately wounded.
Natasha casts a spell at you. The magic dart hits you.
You hit Natasha.
Natasha is heavily wounded.
Natasha claws you.
* * * LOW HITPOINT WARNING * * *
Natasha closely misses you.
You hit Natasha. Your punch misses Natasha.
Natasha is severely wounded.
Natasha claws you.
You die...

###
.###.########<#
......h@......#
#############.#
#.# #.# #.. ###


You could see Natasha.

Vanquished Creatures
  Natasha (D:2)
  3 endoplasms (D:1)
  A giant cockroach (D:1)
  A goblin (D:1)
  2 hobgoblins (D:1)
  A quokka (D:1)
  A bat (D:1)
10 creatures vanquished.

Notes
Turn   | Place    | Note
-------+----------+-------------------------------------------
     0 | D:1      | soylentgreeen202 the Merfolk Gladiator began the quest for
                  | the Orb.
     0 | D:1      | Reached XP level 1. HP: 16/16 MP: 1/1
   139 | D:1      | Reached skill level 4 in Long Blades
   323 | D:1      | Reached XP level 2. HP: 12/22 MP: 2/2
   875 | D:2      | Noticed Terence
   945 | D:2      | Noticed Natasha
  1467 | D:2      | Killed Natasha
  1468 | D:2      | Reached skill level 5 in Long Blades
  1468 | D:2      | Reached XP level 3. HP: 18/27 MP: 3/3
  1619 | D:2      | Noticed Natasha
  1629 | D:2      | Slain by Natasha

Illustrated notes

Levels and vault maps discovered:
D:1:      mainiacjoe_arrival_reflecting_pool, layout_basic
D:2:      layout_basic, nicolae_concentric_dashed_squares_wild, uniq_terence,
          uniq_natasha

Skill      XL: |  1  2 |
---------------+-------+-----
Long Blades    | 4 5 |  5.2
Fighting       | |  2.1
Throwing       | |  2.0
Dodging        | |  4.0

Action                   || total
-------------------------++-------
Melee: Long sword        ||    36
       Punch             ||     1
  Use: Scroll            ||     1
       Potion            ||     1
Armor: Leather armour    ||     6
Dodge: Dodged            ||    23
